 Dungeon Crawl Stone Soup version 0.27-a0-404-g4390dbc5be (webtiles) character file.

Game seed: 7497053921524219335

324 CryoSword the Covered (level 6, -4/51 HPs)
             Began as a Gnoll Wanderer on Feb 22, 2021.
             Killed by divine providence
             ... invoked by an orc priest
              (13 damage)
             ... on level 5 of the Dungeon.
             The game lasted 00:06:57 (4161 turns).

CryoSword the Covered (Gnoll Wanderer)              Turns: 4161, Time: 00:06:58

Health: -4/51      AC:  9    Str: 13    XL:     6   Next: 48%
Magic:  11/11      EV:  9    Int: 10    God:
Gold:   305        SH:  0    Dex: 13    Spells: 10/11 levels left

rFire    . . .     SeeInvis .   b - +0 rapier
rCold    . . .     Faith    .   (no shield)
rNeg     . . .     Spirit   .   e - +2 scale mail
rPois    .         Reflect  .   (no helmet)
rElec    .         Harm     .   (no cloak)
rCorr    .         Rampage  .   (no gloves)
Will     .....                  (no boots)
Stlth    +.........             t - amulet of magic regeneration
HPRegen  0.17/turn              k - ring of wizardry
MPRegen  0.37/turn              (no ring)

@: no status effects
A: distributed training, fangs 1, strong nose
a: no special abilities


You were on level 5 of the Dungeon.
You visited 1 branch of the dungeon, and saw 5 of its levels.

You collected 305 gold pieces.

Inventory:

Hand Weapons
 a - a +0 shortbow
 b - a +0 rapier (weapon)
   (You found it on level 3 of the Dungeon)
Missiles
 c - 114 arrows
 w - 5 javelins
 x - 3 boomerangs
Armour
 e - a +2 scale mail (worn)
Jewellery
 k - a ring of wizardry (left hand)
   (You found it on level 2 of the Dungeon)
 t - an amulet of magic regeneration (around neck)
   (You found it on level 3 of the Dungeon)
Scrolls
 f - a scroll of noise {unknown}
 g - 6 scrolls of identify {unknown}
 h - a scroll of random uselessness {unknown}
 l - 2 scrolls of fog {unknown}
 m - a scroll of magic mapping {unknown}
 n - 5 scrolls of teleportation {unknown}
 p - 2 scrolls of amnesia {unknown}
 s - a scroll of enchant armour {unknown}
Potions
 d - 2 potions of lignification {!q}
 i - a potion of curing {@q1}
 j - a potion of attraction {unknown}
 o - a potion of heal wounds {unknown}
 q - 2 potions of flight {unknown}
 r - a potion of ambrosia {unknown}
 u - 2 potions of mutation {unknown}
 v - 2 potions of haste {unknown}
 z - a potion of degeneration {unknown}
 A - a potion of invisibility {unknown}


   Skills:
 + Level 5.0 Fighting
 + Level 2.0 Short Blades
 + Level 2.0 Long Blades
 + Level 2.0 Axes
 + Level 2.0 Maces & Flails
 + Level 2.0 Polearms
 + Level 2.0 Staves
 + Level 2.0 Slings
 + Level 3.2 Bows
 + Level 2.0 Crossbows
 + Level 3.2 Throwing
 + Level 5.0 Armour
 + Level 2.0 Dodging
 + Level 2.0 Stealth
 + Level 3.2 Shields
 + Level 2.0 Unarmed Combat
 + Level 3.4 Spellcasting
 + Level 2.6 Conjurations
 + Level 2.6 Hexes
 + Level 1.5 Summonings
 + Level 1.5 Necromancy
 + Level 1.5 Translocations
 + Level 1.5 Transmutations
 + Level 1.5 Fire Magic
 + Level 1.5 Ice Magic
 + Level 1.5 Air Magic
 + Level 1.5 Earth Magic
 + Level 1.5 Poison Magic
 + Level 2.2 Invocations
 + Level 2.0 Evocations


You had 10 spell levels left.
You knew the following spells:

 Your Spells              Type           Power        Failure   Level
a - Animate Skeleton      Necr           8%           24%         1

Your spell library contained the following spells:

 Spells                   Type           Power        Failure   Level
 Pain                     Necr           16%          24%         1
 Vampiric Draining        Necr           2%           54%         3
 Animate Dead             Necr           2%           90%         4
 Agony                    Necr           4%           99%         5


Dungeon Overview and Level Annotations

Branches:
Dungeon (5/15)
 Temple: D:4-7

Altars:


Innate Abilities, Weirdness & Mutations

Your experience applies equally to all skills.
You have very sharp teeth.
Your uncanny sense of smell can sniff out nearby items.


Message History

You hear the slow rusting of a very distant drain.
The iguana bites you but does no damage.
Fire: 107 arrows
Aim: an iguana (heavily wounded, 64% to hit)
You shoot an arrow. The arrow closely misses the iguana.
The arrow hits the leopard gecko.
The iguana bites you but does no damage.
Fire: 106 arrows
Aim: an iguana (heavily wounded, 64% to hit)
You shoot an arrow. The arrow hits the iguana.
The iguana bites you.
* * * LOW HITPOINT WARNING * * *
The iguana bites you.
* * * LOW HITPOINT WARNING * * *
Fire: 105 arrows
Aim: an iguana (severely wounded, 64% to hit)
You shoot an arrow. The arrow hits the iguana.
The iguana barely misses you.
Fire: 104 arrows
Aim: an iguana (severely wounded, 64% to hit)
You shoot an arrow. The arrow barely misses the iguana.
The arrow closely misses the leopard gecko.
The arrow hits the jackal!
You kill the jackal!
The iguana barely misses you.
Fire: 103 arrows
Aim: an iguana (severely wounded, 64% to hit)
You shoot an arrow. The arrow hits the iguana.
You kill the iguana!
The leopard gecko bites you but does no damage.
Your Short Blades skill increases to level 2!
Your Long Blades skill increases to level 2!
Your Axes skill increases to level 2!
Your Maces & Flails skill increases to level 2!
Your Polearms skill increases to level 2!
Your Staves skill increases to level 2!
Your Slings skill increases to level 2!
Your Crossbows skill increases to level 2!
Your Dodging skill increases to level 2!
Your Stealth skill increases to level 2!
Your Unarmed Combat skill increases to level 2!
Your Evocations skill increases to level 2!
Fire: 102 arrows
Aim: a leopard gecko (almost dead, 46% to hit)
You shoot an arrow. The arrow hits the leopard gecko.
You kill the leopard gecko!
c - 105 arrows (gained 4)
You see here a leopard gecko corpse.
You start resting.
You hear the slow rusting of a very distant drain.
c - 108 arrows (gained 3)
c - 110 arrows (gained 2)
Things that are here:
a jackal corpse; a jackal corpse
c - 112 arrows (gained 2)
Found a stone staircase leading down.
A - a glowing emerald potion
c - 113 arrows (gained 1)
c - 116 arrows (gained 3)
You open the door.
Found a scroll labelled MIUC UXTYLI.
There is an open door here.
n - 5 scrolls labelled MIUC UXTYLI (gained 1)
You open the door.
Found 10 gold pieces.
There is an open door here.
You now have 305 gold pieces (gained 10).
Found a scroll labelled QIDDOG LANO.
p - 2 scrolls labelled QIDDOG LANO (gained 1)
You open the large door.
There is a large open door here.
A jackal zombie comes into view.
There is a large open door here.
You hear the slow rusting of a distant drain.
The jackal zombie closely misses you.
Fire: 116 arrows
Aim: a jackal zombie (71% to hit)
You shoot an arrow.
The arrow barely misses the jackal zombie.
The jackal zombie closely misses you.
Fire: 115 arrows
Aim: a jackal zombie (71% to hit)
You shoot an arrow. The arrow hits the jackal zombie.
The jackal zombie bites you but does no damage.
Fire: 114 arrows
Aim: a jackal zombie (severely damaged, 71% to hit)
You shoot an arrow. The arrow hits the jackal zombie!
You destroy the jackal zombie!
c - 115 arrows (gained 2)
c - 116 arrows (gained 1)
Found a notched silver ring.
You open the door.
An orc, an orc priest and an orc wizard come into view.
The orc wizard shouts!
The orc shouts!
An orc comes into view. It is wielding a +0 dagger.
The orc wizard points at itself and mumbles some strange words.
The orc wizard flickers and vanishes!
Deactivating autopickup; reactivate with Ctrl-A.
The orc shouts!
You hear a shout!
An orc comes into view. It is wielding a +0 club.
There is an open door here.
Fire: 116 arrows
Aim: an orc, wielding a +0 short sword (60% to hit)
You shoot an arrow. The arrow hits the orc!
You kill the orc!
Fire: 115 arrows
Aim: an orc priest, wielding a +0 mace and wearing a +0 leather armour (60% to hit)
You shoot an arrow.
The arrow closely misses the orc priest.
The arrow hits the orc.
You are confused.
The orc priest calls down the wrath of Beogh upon you.
Beogh smites you!
You are too confused!
You are too confused!
Non-targeted confused fire: 114 arrows
Okay, then.
b - a +0 rapier (weapon)
The orc priest calls upon Beogh to heal the orc.
The orc's wounds heal themselves!
Something hits you.
* * * LOW HITPOINT WARNING * * *
There is an open door here.
You miss something. You bite something. Something hits you but does no damage.
The orc priest calls down the wrath of Beogh upon you.
Something writhes in agony.
Your scale mail prevents you from hitting something.
Something hits you but does no damage. x2
You completely miss something.
You feel less confused.
The orc priest calls down the wrath of Beogh upon you.
Something writhes in agony!
Reactivating autopickup.
The orc priest hits you but does no damage.
Items here: ( )) [.
You hit the orc priest. The orc priest closely misses you.
You hit the orc priest.
The orc priest hits you but does no damage.
You barely miss the orc priest.
The orc priest hits you but does no damage.
You hit the orc priest but do no damage.
The orc priest hits you with a +0 mace.
* * * LOW HITPOINT WARNING * * *
You barely miss the orc priest.
The orc priest calls down the wrath of Beogh upon you.
Beogh smites you!
* * * LOW HITPOINT WARNING * * *
You hit the orc priest. Your bite misses the orc priest.
The orc priest calls down the wrath of Beogh upon you.
Beogh smites you!
You die...

#.. #.. #########..
#..........
######..........
#...##........##
#...##........#
#########...##........##
..(.ooo@'...''........+.
#########...##........##
#...##........##
#...#######+##.. ....#..
.##.. .......=. +.....
........... #.##..
........... # ###


You could see an orc priest and 2 orcs.

Vanquished Creatures
  A hound (D:4)
  An orc priest (D:3)
  An iguana (D:5)
  An orc wizard (D:3)
  Natasha (thrice) (D:2)
  A worker ant (D:4)
  3 adders
  A worm (D:4)
  A dart slug (D:2)
  A leopard gecko (D:5)
  10 orcs
  A ball python (D:2)
  5 giant cockroaches
  4 goblins (D:1)
  11 hobgoblins
  2 jackals (D:5)
  10 kobolds
  2 quokkas
  8 bats
  5 frilled lizards
  2 jackal skeletons (D:4)
  A jackal zombie (D:5)
  6 rats
81 creatures vanquished.

Vanquished Creatures (others)
  An orc wizard (D:5)
1 creature vanquished.

Grand Total: 82 creatures vanquished

Notes
Turn   | Place    | Note
-------+----------+-------------------------------------------
     0 | D:1      | CryoSword the Gnoll Wanderer began the quest for the Orb.
     0 | D:1      | CryoSword set off with the following items: a +0 shortbow,
                  | a +2 scale mail, 25 arrows, a potion of lignification {!q}
     0 | D:1      | Reached XP level 1. HP: 20/20 MP: 4/4
    93 | D:1      | Reached XP level 2. HP: 26/26 MP: 5/5
   687 | D:2      | Reached XP level 3. HP: 26/31 MP: 7/7
   971 | D:2      | Reached skill level 1 in Invocations
  1324 | D:2      | Noticed Natasha
  1328 | D:2      | Reached skill level 1 in Short Blades
  1328 | D:2      | Reached skill level 1 in Long Blades
  1328 | D:2      | Reached skill level 1 in Axes
  1328 | D:2      | Reached skill level 1 in Maces & Flails
  1328 | D:2      | Reached skill level 1 in Polearms
  1328 | D:2      | Reached skill level 1 in Staves
  1328 | D:2      | Reached skill level 1 in Slings
  1328 | D:2      | Reached skill level 1 in Crossbows
  1328 | D:2      | Reached skill level 1 in Dodging
  1328 | D:2      | Reached skill level 1 in Stealth
  1328 | D:2      | Reached skill level 1 in Unarmed Combat
  1328 | D:2      | Reached skill level 1 in Evocations
  1344 | D:2      | Killed Natasha
  1345 | D:2      | Reached XP level 4. HP: 10/38 MP: 8/8
  1501 | D:2      | Noticed Natasha
  1529 | D:2      | Killed Natasha
  1530 | D:2      | Reached skill level 1 in Summonings
  1530 | D:2      | Reached skill level 1 in Necromancy
  1530 | D:2      | Reached skill level 1 in Translocations
  1530 | D:2      | Reached skill level 1 in Transmutations
  1530 | D:2      | Reached skill level 1 in Fire Magic
  1530 | D:2      | Reached skill level 1 in Ice Magic
  1530 | D:2      | Reached skill level 1 in Air Magic
  1530 | D:2      | Reached skill level 1 in Earth Magic
  1530 | D:2      | Reached skill level 1 in Poison Magic
  2001 | D:2      | Noticed Natasha
  2008 | D:2      | Killed Natasha
  2009 | D:2      | Reached XP level 5. HP: 33/43 MP: 9/9
  3284 | D:4      | Reached XP level 6. HP: 50/50 MP: 10/10
  3768 | D:4      | Learned a level 1 spell: Animate Skeleton
  3796 | D:4      | Reached skill level 5 in Fighting
  3796 | D:4      | Reached skill level 5 in Armour
  3981 | D:5      | Entered Level 5 of the Dungeon
  4161 | D:5      | Killed from afar by an orc priest

Illustrated notes

Levels and vault maps discovered:
D:1:      dpeg_arrival_boxes_within_box, layout_rooms
D:2:      layout_loops_corners, uniq_natasha
D:3:      layout_rooms, nicolae_underground_beach
D:4:      layout_gridville, hex_tiny, kennysheep_generic_room_16
D:5:      layout_basic, nemelex_xobeh_ov_fountains_minmay, gup_sewer_entry_pipe,
          uniq_crazy_yiuf_cottage

Skill      XL: |  1  2  3  4  5  6 |
---------------+-------------------+-----
Conjurations   | 2 |  2.6
Hexes          | 2 |  2.6
Invocations    | 1 2 |  2.2
Short Blades   | 1 2 |  2.0
Long Blades    | 1 2 |  2.0
Axes           | 1 2 |  2.0
Maces & Flails | 1 2 |  2.0
Polearms       | 1 2 |  2.0
Staves         | 1 2 |  2.0
Slings         | 1 2 |  2.0
Crossbows      | 1 2 |  2.0
Dodging        | 1 2 |  2.0
Stealth        | 1 2 |  2.0
Unarmed Combat | 1 2 |  2.0
Evocations     | 1 2 |  2.0
Spellcasting   | 3 |  3.4
Summonings     | 1 |  1.5
Necromancy     | 1 |  1.5
Translocations | 1 |  1.5
Transmutations | 1 |  1.5
Fire Magic     | 1 |  1.5
Ice Magic      | 1 |  1.5
Air Magic      | 1 |  1.5
Earth Magic    | 1 |  1.5
Poison Magic   | 1 |  1.5
Bows           | 3 |  3.2
Throwing       | 3 |  3.2
Shields        | 3 |  3.2
Fighting       | 5 |  5.0
Armour         | 5 |  5.0

Action                   |  1- 3 |  4- 6 || total
-------------------------+-------+-------++-------
Melee: Spear             |    26 |    53 ||    79
       Dagger            |     4 |       ||     4
       Bite              |     4 |     8 ||    12
       Rapier            |       |    60 ||    60
       Punch             |       |     2 ||     2
 Fire: Shortbow          |   115 |   138 ||   253
Armor: Scale mail        |    57 |   100 ||   157
Dodge: Dodged            |    45 |    80 ||   125

Table legend: (Time is in decaauts)
 A = Elapsed time spent in this place.
 B = Non-inter-level travel time spent in this place.
 C = Inter-level travel time spent in this place.
 D = Time resting spent in this place.
 E = Time spent auto-exploring this place.
 F = Levels seen in this place.
 G = Mean time per level.
                   A        B        C        D        E       F      G
               +--------+--------+--------+--------+--------+-----+--------+
         Total |   4216 |   4090 |    126 |    522 |   2701 |   5 |  843.2 |
       Dungeon |   4216 |   4090 |    126 |    522 |   2701 |   5 |  843.2 |
               +--------+--------+--------+--------+--------+-----+--------+

Top non-repeatable levels by time:
     D:2: 1598 daAuts
     D:4: 921 daAuts
     D:3: 865 daAuts
     D:1: 647 daAuts
     D:5: 183 daAuts
